 Dungeon Crawl Stone Soup version 0.32-a0-928-g1cae6b7ea0 (webtiles) character file.

Game seed: 1493516461886470289

10334 ezpacito the Chopper (level 11, -5/84 HPs)
             Began as a Coglin Chaos Knight on Apr 13, 2024.
             Was a Plaything of Xom.
             Hit by a javelin thrown by a centaur (11 damage)
             ... on level 12 of the Dungeon.
             The game lasted 00:13:35 (11531 turns).

ezpacito the Chopper (Coglin Chaos Knight)         Turns: 11531, Time: 00:13:36

Health: -5/84      AC: 26    Str: 20      XL:     11   Next: 60%
Magic:  16/16      EV:  3    Int: 11      God:    Xom [......]
Gold:   452        SH:  0    Dex: 13 (14) Spells: 3/17 levels left

rFire   . . .        a - +0 hand axe (chaos) {Hwan}
rCold   . . .        G - +3 trident (drain) {Sukanya}
rNeg    . . .        p - +2 crystal plate armour
rPois   .            (no helmet)
rElec   .            m - +0 cloak
rCorr   .            P - +1 pair of gloves {Str+3}
SInv    .            Q - +0 pair of boots
Will    .....        (amulet unavailable) Stlth
                     (ring unavailable)
HPRegen 0.34/turn    (ring unavailable)
MPRegen 0.15/turn    (no gizmo)

%: no passive effects
@: confused, mighty, ambrosia-drunk, revved
A: off-hand wielding, slow wielding, warmup strikes, no jewellery, iridescent
scales 1, wild magic 1, MP-powered wands
a: Invent Gizmo, Renounce Religion


You were on level 12 of the Dungeon.
You worshipped Xom.
You were a very special plaything of Xom.
You visited 2 branches of the dungeon, and saw 13 of its levels.

You collected 637 gold pieces.
You spent 185 gold pieces at shops.

Inventory:

Hand Weapons
 a - a +0 hand axe of chaos (weapon) {Hwan}
 y - a +0 heavy war axe
 G - a +3 trident of draining (offhand) {Sukanya}
 H - a +4 orcbow
 M - a +0 orcbow of flaming
 T - a +1 orcbow of draining
Missiles
 h - 6 atropa-tipped darts
 o - 10 javelins (quivered)
 s - 9 poisoned darts
 A - 18 boomerangs
 I - 3 throwing nets
Armour
 m - a +0 cloak (worn)
 p - a +2 crystal plate armour (worn)
 N - a +0 helmet
 P - a +1 pair of gloves of strength (worn)
 Q - a +0 pair of boots (worn)
Magical Staves
 R - a staff of cold
Talismans
 u - a blade talisman
Wands
 l - a wand of acid (2)
 r - a wand of mindburst (5)
 v - a wand of charming (13)
 D - a wand of digging (3)
 K - a wand of flame (4)
 L - a wand of iceblast (17)
Scrolls
 b - 3 scrolls of enchant weapon
 c - 3 scrolls of vulnerability
 e - 2 scrolls of poison {unknown}
 f - 2 scrolls of revelation
 n - a scroll of amnesia
 t - 7 scrolls of teleportation
 w - 2 scrolls of silence
 x - 7 scrolls of noise
 B - a scroll of blinking
 E - 2 scrolls of torment {unknown}
 O - 2 scrolls of fog
 S - a scroll of fear {unknown}
Potions
 d - 2 potions of might
 g - a potion of brilliance {unknown}
 i - a potion of resistance {unknown}
 j - 2 potions of magic
 k - 2 potions of mutation {unknown}
 q - a potion of curing
 z - 2 potions of enlightenment {unknown}
 F - a potion of attraction {unknown}
 J - a potion of lignification {unknown}


   Skills:
 * Level 7.0 Fighting
 * Level 7.2(8.3) Axes
 * Level 5.6(7.1) Polearms
 + Level 3.7 Throwing
 * Level 6.0 Armour
 * Level 5.7 Dodging
 - Level 4.0 Stealth
 + Level 3.6 Spellcasting
 + Level 2.0 Conjurations
 + Level 4.1 Summonings
 + Level 3.9 Translocations
 + Level 0.1 Ice Magic
 + Level 0.2 Alchemy
 + Level 5.2 Evocations
 + Level 0.1 Shapeshifting


You had 3 spell levels left.
You knew the following spells:

 Your Spells              Type           Power      Damage    Failure   Level
a - Magic Dart            Conj           32%        1d4       100%        1
b - Blink                 Tloc           26%        N/A       100%        2
c - Call Imp              Summ           28%        N/A       100%        2
d - Maxwell's Portable P  Tloc           13%        2d(6-17)  100%        3
e - Sculpt Simulacrum     Ice/Alch       1%         N/A       100%        6

Your spell library contained the following spells:

 Spells                   Type           Power      Damage    Failure   Level
 Static Discharge         Conj/Air       10%        3-4/arc   100%        2
 Airstrike                Air            1%         2d(1-17)  100%        4
 Summon Lightning Spire   Summ/Air       8%         N/A       100%        4
 Arcjolt                  Conj/Air       2%         1d12      100%        5
 Ozocubu's Refrigeration  Ice            1%         4d7       100%        7
 Maxwell's Capacitive Co  Air            1%         ∞         100%        8
 Polar Vortex             Ice            1%         N/A       100%        9


Dungeon Overview and Level Annotations

Branches:
Dungeon (12/15)            Temple (1/1) D:7            Lair (0/5) D:11
    Orc (0/2) D:11

Altars:
Ashenzari
Cheibriados
Dithmenos
Elyvilon
Fedhas
Gozag
Hepliaklqana
Kikubaaqudgha
Makhleb
Nemelex Xobeh
Okawaru
Qazlal
Ru
Sif Muna
Trog
Uskayaw
Vehumet
Wu Jian
Xom
Yredelemnul
Zin
The Shining One

Shops:
D:2 =   D:4 *   D:8 *


Innate Abilities, Weirdness & Mutations

You can wield a second weapon in your off-hand.
It takes a long time for you to wield or remove held weapons.
Your first few attacks do less damage.
You cannot equip rings or amulets.
You are partially covered in iridescent scales. (AC +2)
Your spells are a little harder to cast, but a little more powerful.
You expend magic power (3 MP) to strengthen your wands.


Message History

You are too confused!
A centaur comes into view.
The centaur shouts! "Serve the toy, my child!"
You hear a shout! x2
The vampire mosquito attacks as it pursues you!
The vampire mosquito bites you but does no damage.
The centaur wields a +0 shortbow.
The centaur shoots an arrow.
The arrow hits you but does no damage.
The vampire hits you but does no damage.
The vampire bites you.
* * * LOW HITPOINT WARNING * * *
The vampire draws strength from your injuries!
The vampire mosquito bites you but does no damage.
The troll attacks as it pursues you! The troll bites you but does no damage.
The troll claws you but does no damage. x2
You regained 4 hp, and now have 7/84 hp.
You are too confused!
You hit the vampire with your +0 hand axe of chaos.
Nothing appears to happen.
The vampire is moderately damaged.
You closely miss the troll with your +0 hand axe of chaos.
You hit the vampire mosquito with your +0 hand axe of chaos.
You burn the vampire mosquito.
You closely miss the vampire with your +3 trident of draining.
The vampire mosquito bites you but does no damage.
The vampire hits you but does no damage.
The vampire bites you but does no damage.
The troll bites you.
* * * LOW HITPOINT WARNING * * *
The troll claws you but does no damage. The troll claws you.
* * * LOW HITPOINT WARNING * * *
You take 4 damage, and have 3/84 hp.
A centaur comes into view.
The centaur shouts!
You hear an angry buzzing noise.
The vampire mosquito attacks as it pursues you!
The vampire mosquito bites you but does no damage.
The centaur throws a javelin.
The javelin pierces through you!
You die...
Xom chortles!

,,,,,,,<,,,,,*,,,,,,,***,,,,,,,*,
********,##.....,,,*,***,,,,,,,,,
,,,~~~~~~≈≈.≈≈..,,,,,,...**,,,***
,,~~~~~~~~≈≈~≈≈.,*,∩,#..,,,,,**
,,~~~~~~~≈~≈≈~≈.,,,,,..#*.,,**
,,,~~~~~~≈≈~≈~≈.**,*...#..,******
*,~~~~~~~~≈~≈~≈.**,,......,**,,,*
,,~~~~,,,.≈~≈~≈.####.....#,*,,,,,
,,~~~~~,,.≈p≈~≈.@VT......#,,,,,,,
,,~~~~~,,cc≈≈~≈..y.9.##..,,,,,,,,
,,~~~~~~~≈≈≈~≈≈5.....#**,*,,,,,,,
**~~~~~~~~~~≈≈....)......#,,,,,,,
**~~~~~~~≈≈≈≈~≈..........#,,*,,,,
,*~~~~~~~~~~~≈≈#......##..,,,,,,,
,,,~~,~~~≈≈≈≈≈...###..#**.,,,,,,*
.####.##.##.###### *...,,,,,,,,,*
.####$......# *****#.#.,,,,,,,,*


You could see an arcanist (fast), a troll, a vampire (fast), a vampire mosquito
(ally target), a gargoyle, 2 centaurs and a friendly white imp (summoned).

Vanquished Creatures
  3 two-headed ogres
  A gargoyle (D:11)
  Jeremiah (D:6)
  An ice devil (D:9)
  A red devil (D:9)
  3 trolls (D:11)
  A shadow (D:9)
  A wraith (D:10)
  14 yaks
  A wyvern (D:7)
  2 steam dragons
  2 acid dragons
  A swamp drake (D:11)
  An ice beast (D:7)
  6 orc warriors
  A sky beast (D:7)
  A boggart (D:4)
  2 wolves (D:11)
  2 ogres
  3 centaurs
  3 phantoms
  2 bullfrogs (D:7)
  2 gnoll sergeants
  4 scorpions
  3 wights
  8 killer bees
  2 howler monkeys
  2 vampire bats (D:6)
  A quasit (D:9)
  A crimson imp (D:9)
  4 jellies
  A bombardier beetle (D:6)
  3 hounds
  A gnoll bouda (D:7)
  5 orc priests (D:11)
  A sleepcap (D:7)
  Ijyb (D:4)
  Terence (D:3)
  2 iguanas
  7 orc wizards
  11 gnolls
  8 adders
  2 shadow imps
  2 white imps (D:9)
  4 dart slugs
  37 orcs
  3 bat skeletons (D:6)
  3 bat zombies (D:6)
  2 endoplasms
  3 giant cockroaches
  5 goblins
  5 hobgoblins
  4 jackals (D:2)
  2 quokkas (D:2)
  13 ball pythons
  5 bats
  6 frilled lizards
  5 kobolds
  3 rats
225 creatures vanquished.

Vanquished Creatures (collateral kills)
  Grinder (D:6)
  Duvessa (D:6)
  Dowan (D:6)
3 creatures vanquished.

Vanquished Creatures (others)
  2 wights (D:9)
  An orc priest (D:8)
  2 orcs (D:8)
  An orc zombie (D:11)
6 creatures vanquished.

Grand Total: 234 creatures vanquished

Notes
Turn   | Place    | Note
-------+----------+-------------------------------------------
     0 | D:1      | ezpacito the Coglin Chaos Knight began the quest for the
                  | Orb.
     0 | D:1      | Reached XP level 1. HP: 18/18 MP: 1/1
    23 | D:1      | Reached skill level 1 in Dodging
    24 | D:1      | Found a faded altar of an unknown god.
    27 | D:1      | XOM: silly message
    99 | D:1      | XOM: butterfly on damage
   101 | D:1      | Reached XP level 2. HP: 16/24 MP: 2/2
   229 | D:1      | XOM: silly message
   758 | D:2      | Found Wiceinue's Jewellery Emporium.
   801 | D:2      | XOM: scenery: create altars
   885 | D:2      | Reached XP level 3. HP: 26/29 MP: 3/3
   892 | D:2      | Reached skill level 1 in Polearms
  1006 | D:2      | XOM: smoke on damage
  1211 | D:2      | XOM: give mutation
  1211 | D:2      | Gained mutation: You are agile. (Dex +4, Str/Int -1) [Xom's
                  | mischief]
  1413 | D:3      | Reached XP level 4. HP: 31/35 MP: 4/4
  1424 | D:3      | an orc changed into a centaur
  1424 | D:3      | Noticed a centaur
  1424 | D:3      | XOM: polymorph orc -> centaur
  1428 | D:3      | XOM: enchant monster (good)
  1436 | D:3      | XOM: silly message
  1438 | D:3      | Killed a centaur
  1439 | D:3      | Reached skill level 1 in Stealth
  1439 | D:3      | Reached XP level 5. HP: 26/41 MP: 4/6
  1660 | D:3      | XOM: cloud trail
  2008 | D:3      | Noticed Terence
  2016 | D:3      | Killed Terence
  2017 | D:3      | Reached XP level 6. HP: 38/48 MP: 7/7
  2123 | D:3      | XOM: cloud trail
  2412 | D:3      | XOM: summons 1 hostile demon
  2682 | D:4      | XOM: enchant monster (good)
  2806 | D:4      | Reached skill level 1 in Spellcasting
  2811 | D:4      | XOM: cloud trail
  2869 | D:4      | Learned a level 1 spell: Magic Dart
  2872 | D:4      | Learned a level 2 spell: Blink
  2875 | D:4      | Learned a level 2 spell: Call Imp
  2893 | D:4      | Noticed Ijyb
  2915 | D:4      | Killed Ijyb
  2926 | D:4      | XOM: 1-stop teleportation journey
  3198 | D:4      | XOM: 2-stop teleportation journey
  3207 | D:4      | Reached skill level 1 in Evocations
  3207 | D:4      | Reached XP level 7. HP: 46/54 MP: 8/8
  3518 | D:4      | Found Hiets's General Store.
  3523 | D:4      | Reached skill level 1 in Summonings
  3561 | D:4      | Bought a potion of heal wounds for 55 gold pieces
  3561 | D:4      | Bought a potion of berserk rage for 55 gold pieces
  3645 | D:4      | XOM: scenery: 1 doors close
  3876 | D:5      | Entered Level 5 of the Dungeon
  3894 | D:5      | Reached skill level 1 in Throwing
  3942 | D:5      | Found a snail-covered altar of Cheibriados.
  3972 | D:5      | Reached skill level 1 in Translocations
  4108 | D:5      | XOM: silly message
  4437 | D:5      | Reached XP level 8. HP: 42/61 MP: 10/10
  4491 | D:5      | XOM: 5-stop teleportation journey
  4546 | D:5      | XOM: silly message
  4656 | D:5      | Found a glowing golden altar of the Shining One.
  4820 | D:6      | Noticed Grinder
  4821 | D:6      | XOM: god gift: wand of iceblast (5)
  4833 | D:6      | XOM: summons friendly rust devil
  4835 | D:6      | Paralysed by Grinder for 4 turns
  4842 | D:6      | Killed Grinder
  4882 | D:6      | XOM: give mutations
  4882 | D:6      | Gained mutation: You have hidden genetic potential. [Xom's
                  | grace]
  4882 | D:6      | Gained mutation: You are strong-willed. (Will+) [Xom's
                  | grace]
  4882 | D:6      | Gained mutation: You are partially covered in iridescent
                  | scales. (AC +2) [Xom's grace]
  4904 | D:6      | Found a sparkling altar of Nemelex Xobeh.
  4910 | D:6      | Found a burning altar of Makhleb.
  5013 | D:6      | XOM: god gift: potion of curing
  5314 | D:6      | Noticed Jeremiah
  5339 | D:6      | Killed Jeremiah
  5340 | D:6      | Reached skill level 5 in Axes
  5538 | D:6      | Reached XP level 9. HP: 67/67 MP: 12/12
  5539 | D:6      | XOM: noise
  5544 | D:6      | Reached skill level 5 in Fighting
  5641 | D:6      | Noticed Duvessa
  5641 | D:6      | XOM: summons 5 friendly demons
  5642 | D:6      | Noticed Dowan
  5650 | D:6      | Killed Duvessa
  5651 | D:6      | Killed Dowan
  5682 | D:6      | You fall into a shaft and drop 2 floors!
  5729 | D:8      | Gained mutation: You expend magic power (3 MP) to
                  | strengthen your wands. [hidden potential]
  5831 | D:8      | XOM: silly message
  5837 | D:8      | Identified the +1 leather armour of Blue Skies {Str+5}
  5839 | D:8      | Found a shimmering blue altar of Sif Muna.
  5845 | D:8      | Found Suegaenk's General Store.
  5866 | D:8      | Bought a scroll of teleportation for 39 gold pieces
  5866 | D:8      | Bought a wand of flame (4) for 36 gold pieces
  5913 | D:7      | Found a white marble altar of Elyvilon.
  6035 | D:7      | XOM: cast spell 'Olgreb's Toxic Radiance'
  6047 | D:7      | XOM: divination: detect items
  6256 | D:6      | Found an ancient bone altar of Kikubaaqudgha.
  6402 | D:7      | Found a broken altar of Ashenzari.
  6508 | D:7      | XOM: silly message
  6579 | D:7      | XOM: polymorph hound -> wyvern
  6604 | D:7      | Found an iron altar of Okawaru.
  6707 | D:7      | Found a staircase to the Ecumenical Temple.
  6716 | Temple   | Entered the Ecumenical Temple
  6843 | D:7      | XOM: scenery: summon butterflies
  7000 | D:7      | XOM: enchant monster (good)
  7036 | D:8      | XOM: divination: detect creatures
  7040 | D:8      | XOM: scenery: summon butterflies
  7057 | D:8      | Reached XP level 10. HP: 57/75 MP: 14/14
  7075 | D:8      | Learned a level 3 spell: Maxwell's Portable Piledriver
  7135 | D:8      | XOM: 1-stop teleportation journey
  7242 | D:8      | Found an opulent altar of Gozag.
  7261 | D:8      | XOM: give mutations
  7261 | D:8      | Gained mutation: Your spells are a little harder to cast,
                  | but a little more powerful. [Xom's grace]
  7261 | D:8      | Gained mutation: Your system is resistant to poisons.
                  | (rPois) [Xom's grace]
  7343 | D:8      | Gained mutation: Your muscles are strong. (Str +4, Int/Dex
                  | -1) [hidden potential]
  7343 | D:8      | Lost mutation: You have hidden genetic potential. [hidden
                  | potential expressed]
  7574 | D:9      | XOM: divine lightning
  7576 | D:9      | XOM: 1-stop teleportation journey
  7619 | D:9      | XOM: god gift: wand of acid (6)
  7663 | D:9      | XOM: silly message
  7671 | D:9      | XOM: fog
  7681 | D:9      | XOM: scenery: summon butterflies
  7807 | D:8      | XOM: scenery: create altars
  7914 | D:8      | Reached skill level 5 in Armour
  7935 | D:9      | HP: 2/74 [ice devil (8)]
  7935 | D:9      | Xom revived you
  8082 | D:9      | XOM: 2-stop teleportation journey
  8102 | D:9      | XOM: cloud trail
  8166 | D:9      | XOM: god gift: 31 gold pieces
  8211 | D:9      | Found a bloodstained altar of Trog.
  8341 | D:9      | XOM: silly message
  8855 | D:9      | XOM: summons 5 hostile demons
  8924 | D:10     | Entered Level 10 of the Dungeon
  8924 | D:10     | XOM: destruction
  8932 | D:9      | XOM: noise
  9003 | D:9      | XOM: give mutations
  9003 | D:9      | Lost mutation: Your muscles are strong. (Str +4, Int/Dex
                  | -1) [Xom's mischief]
  9003 | D:9      | Lost mutation: You are agile. (Dex +4, Str/Int -1) [Xom's
                  | mischief]
  9003 | D:9      | Gained mutation: You are frail. (-10% HP) [Xom's mischief]
  9003 | D:9      | Lost mutation: You are strong-willed. (Will+) [Xom's
                  | mischief]
  9051 | D:9      | XOM: silly message
  9080 | D:10     | Reached skill level 5 in Polearms
  9089 | D:10     | Reached skill level 5 in Dodging
  9089 | D:10     | Reached skill level 1 in Conjurations
  9094 | D:10     | XOM: silly message
  9385 | D:10     | Noticed a two-headed ogre
  9386 | D:10     | XOM: silly message
  9390 | D:10     | Killed a two-headed ogre
  9449 | D:10     | Found a hazy altar of Hepliaklqana.
  9518 | D:10     | Found a blossoming altar of Fedhas.
  9528 | D:10     | XOM: chaos cloud
  9531 | D:10     | Reached XP level 11. HP: 74/74 MP: 15/15
  9567 | D:10     | XOM: summons 1 hostile shadow creature
  9952 | D:10     | XOM: silly message
 10245 | D:11     | XOM: confusion (+ monsters)
 10301 | D:11     | Found a staircase to the Orcish Mines.
 10482 | D:11     | Noticed a two-headed ogre
 10487 | D:11     | XOM: chaos upgrade
 10489 | D:11     | Killed a two-headed ogre
 10674 | D:11     | XOM: smoke on damage
 10731 | D:11     | Found a staircase to the Lair.
 10735 | D:11     | Reached skill level 5 in Evocations
 10740 | D:11     | XOM: enchant monster (bad)
 10936 | D:11     | XOM: 1-stop teleportation journey
 11142 | D:11     | XOM: give mutations
 11142 | D:11     | Lost mutation: Your system is resistant to poisons. (rPois)
                  | [Xom's mischief]
 11142 | D:11     | Gained mutation: You have a pair of small horns on your
                  | head. [Xom's mischief]
 11142 | D:11     | Lost mutation: You have a pair of small horns on your head.
                  | [Xom's mischief]
 11142 | D:11     | Lost mutation: You are frail. (-10% HP) [Xom's mischief]
 11284 | D:11     | XOM: stat loss: -1 Dex (13/14)
 11477 | D:11     | Learned a level 6 spell: Sculpt Simulacrum
 11510 | D:12     | XOM: noise
 11511 | D:12     | Noticed a cyclops
 11514 | D:12     | Noticed a two-headed ogre
 11514 | D:12     | XOM: 1-stop teleportation journey
 11519 | D:12     | Noticed an arcanist
 11524 | D:12     | Killed a two-headed ogre
 11528 | D:12     | HP: 3/84 [vampire (7)]
 11529 | D:12     | XOM: summons friendly white imp
 11531 | D:12     | Hit by a javelin thrown by a centaur

Illustrated notes

Levels and vault maps discovered:
D:1:      spicycebolla_green_bress_n_ham_2, layout_rooms,
          chequers_ecumenical_altar_island, minmay_parallelograms,
          nicolae_houndstooth_variations
D:2:      layout_rooms, serial_shops, shop, kennysheep_nondescript,
          minmay_misc_feat_roman
D:3:      layout_basic, serial_forest, infiniplex_forest_clump_long,
          infiniplex_forest_straight_4, infiniplex_forest_straight_2,
          infiniplex_forest_clump_diagonal, infiniplex_forest_straight_2,
          infiniplex_forest_straight_2, dk_noncrumbling_2,
          minmay_shallow_snake_nest, uniq_terence
D:4:      layout_basic, serial_shops, shop, uniq_ijyb
D:5:      layout_loops_ring, mainiacjoe_overflow_24_doors,
          kennysheep_slug_shrine, due_unseen_surprise
D:6:      layout_loops_ring, kennysheep_vampire_church,
          grunt_temple_overflow_open, roderic_nine_men_s_morris,
          minmay_fractal_squares_gapless_5, uniq_grinder, uniq_jeremiah,
          uniq_duvessa
D:7:      layout_loops_cross, elyvilon_altar_5, ashenzari_altar_1,
          lemuel_crystal_altar, minmay_temple_entry_metal_lava,
          roderic_serpentine_path, grunt_ministairs_14
D:8:      layout_rooms, mainiacjoe_overflow_boulevard, grunt_gozag_statues,
          serial_shops, shop_fountains
D:9:      layout_roguey, lemuel_tele_altar, hangedman_decor_growths,
          serial_library_hellmonk_u_bend, nicolae_zen_rock_garden,
          nicolae_demonic_statue_gallery
D:10:     layout_long_grid, mainiacjoe_overflow_brackets,
          mainiacjoe_overflow_concentric_impassable
D:11:     layout_stronghold, erik_lair_orcish_takeover, erik_orc_1
D:12:     nicolae_whirlpool, layout_rooms, portal_ice_cave_entry_pillars_1,
          lightli_corner_chamber
Temple:   hellmonk_temple_forest_ring

Skill      XL: |  1  2  3  4  5  6  7  8  9 10 11 |
---------------+----------------------------------+-----
Dodging        | 1 2 3 4 5 |  5.7
Armour         | 2 3 4 5 6 |  6.0
Polearms       | 1 2 3 4 5 |  5.6
Stealth        | 1 2 3 4 |  4.0
Spellcasting   | 1 2 3 |  3.6
Axes           | 4 5 6 7 |  7.2
Fighting       | 4 5 6 7 |  7.0
Evocations     | 1 2 3 4 5 |  5.2
Summonings     | 1 2 3 4 |  4.1
Throwing       | 1 2 3 |  3.7
Translocations | 1 2 3 |  3.9
Conjurations   | 1 2 |  2.0
Ice Magic      | |  0.1
Alchemy        | |  0.2
Shapeshifting  | |  0.1

Action                     |  1- 3 |  4- 6 |  7- 9 | 10-12 || total
---------------------------+-------+-------+-------+-------++-------
  Melee: Hand axe          |    73 |   124 |   177 |   215 ||   589
         Dagger            |    65 |   107 |       |       ||   172
         Trident           |       |    25 |   216 |   269 ||   510
  Evoke: Wand              |       |       |     5 |     8 ||    13
    Use: Scroll            |       |     1 |     6 |    10 ||    17
         Potion            |       |       |     8 |     9 ||    17
   Stab: Confused          |     1 |     8 |     5 |     5 ||    19
         Petrified         |       |     1 |       |     2 ||     3
         Petrifying        |       |     1 |       |     1 ||     2
         Sleeping          |       |     3 |     2 |     1 ||     6
         Paralysed         |       |     1 |       |       ||     1
 Armour: Leather armour    |    56 |    37 |       |       ||    93
         Scale mail        |       |    82 |   154 |    79 ||   315
         Crystal plate arm |       |       |       |   349 ||   349
  Dodge: Dodged            |    32 |    65 |    97 |   118 ||   312

Table legend: (Time is in decaauts)
 A = Elapsed time spent in this place.
 B = Non-inter-level travel time spent in this place.
 C = Inter-level travel time spent in this place.
 D = Time resting spent in this place.
 E = Time spent auto-exploring this place.
 F = Levels seen in this place.
 G = Mean time per level.
                   A        B        C        D        E       F      G
               +--------+--------+--------+--------+--------+-----+--------+
         Total |  11554 |  11018 |    536 |    338 |   9014 |  13 |  888.8 |
       Dungeon |  11552 |  11017 |    535 |    338 |   9014 |  12 |  962.7 |
        Temple |      1 |      1 |      0 |      0 |      0 |   1 |    1.0 |
               +--------+--------+--------+--------+--------+-----+--------+

Top non-repeatable levels by time:
    D:11: 1470 daAuts
     D:3: 1462 daAuts
     D:9: 1271 daAuts
     D:6: 1149 daAuts
     D:4: 1114 daAuts
     D:8: 1016 daAuts
    D:10: 941 daAuts
     D:7: 891 daAuts
     D:5: 891 daAuts
     D:1: 767 daAuts
     D:2: 555 daAuts
    D:12: 19 daAuts
  Temple: 1 daAuts
